 Dungeon Crawl Stone Soup version 0.30.1-4-g462c640d31 (webtiles) character file.

Game seed: 11048776647027762587

749 Heoruswealwe the Shooter (level 7, -1/91 HPs)
             Began as a Demigod Hunter on Aug 15, 2023.
             Slain by Grinder (4 damage)
             ... on level 4 of the Dungeon.
             The game lasted 00:34:18 (3675 turns).

Heoruswealwe the Shooter (Demigod Hunter)           Turns: 3675, Time: 00:34:19

Health: -1/91      AC: 23    Str: 12    XL:     7   Next: 24%
Magic:  9/9        EV:  2    Int: 11    God:
Gold:   232        SH:  0    Dex: 25    Spells: 6/6 levels left

rFire   . . .        a - +0 shortbow
rCold   . . .        (shield currently unavailable)
rNeg    . . .        c - melded +0 leather armour
rPois   +            (helmet currently unavailable)
rElec   .            h - melded +2 cloak
rCorr   .            (gloves currently unavailable)
SInv    .            (boots currently unavailable)
Will    .....        (no amulet)
Stlth   ++           (no ring)
HPRegen 0.35/turn    (no ring)
MPRegen 0.11/turn

%: no passive effects
@: tree-form
A: stationary, stasis, torment immunity, boosted hp, high MP 1, forlorn, divine
attributes
a: no special abilities


You were on level 4 of the Dungeon.
You were a tree.
You visited 1 branch of the dungeon, and saw 4 of its levels.

You collected 232 gold pieces.

Inventory:

Hand Weapons
 a - a +0 shortbow (weapon)
Armour
 c - a +0 leather armour (melded)
 h - a +2 cloak (melded)
Wands
 d - a wand of flame (22)
Scrolls
 b - 2 scrolls of immolation
 e - a scroll of fear
 i - a scroll of magic mapping
 k - 4 scrolls of teleportation
 l - 2 scrolls of enchant weapon
 n - a scroll of enchant armour
 p - a scroll of identify
Potions
 f - 2 potions of mutation
 g - 4 potions of might
 m - a potion of flight {unknown}
 o - a potion of heal wounds {unknown}


   Skills:
 + Level 5.6 Fighting
 + Level 6.5 Ranged Weapons
 - Level 1.7 Dodging
 - Level 0.8 Stealth


You had 6 spell levels left.
You didn't know any spells.
Your spell library was empty.

Dungeon Overview and Level Annotations

Branches:
Dungeon (4/15)
 Temple: D:4-7

Shops:
D:4 [

Annotations:
D:4 Grinder


Innate Abilities, Weirdness & Mutations

You are a tree.
Your roots penetrate the ground, keeping you stationary.
You cannot be teleported.
You are immune to unholy pain and torment.
Your maximum health is greatly increased.
Your equipment is partially melded.
You have an increased reservoir of magic. (+10% MP)
You shall have no god before yourself.
Your divine heritage dramatically boosts your attributes as you level up.


Message History

You shoot an arrow. The arrow hits Grinder!
Grinder is heavily wounded.
Grinder gestures at you. Pain shoots through your body!
* * * LOW HITPOINT WARNING * * *
Fire: a) +0 shortbow
Press: ? - help, Q - select action, (/) - cycle Shift-Dir - straight line, f/p - Grinder
Aim: Grinder (heavily wounded, 66% to hit)
You shoot an arrow. The arrow closely misses Grinder.
Grinder hits you!
* * * LOW HITPOINT WARNING * * *
You writhe in agony.
* * * LOW HITPOINT WARNING * * *
Really quaff the potion of lignification?
You turn into a tree.
Your +2 cloak melds into your body.
Your +0 leather armour melds into your body.
Your roots penetrate the ground.
Grinder hits you but does no damage.
Fire: a) +0 shortbow
Press: ? - help, Q - select action, (/) - cycle Shift-Dir - straight line, f/p - Grinder
Aim: Grinder (heavily wounded, 66% to hit)
You shoot an arrow. The arrow barely misses Grinder.
Grinder hits you.
* * * LOW HITPOINT WARNING * * *
You writhe in agony.
* * * LOW HITPOINT WARNING * * *
Fire: a) +0 shortbow
Press: ? - help, Q - select action, (/) - cycle Shift-Dir - straight line, f/p - Grinder
Aim: Grinder (heavily wounded, 66% to hit)
You shoot an arrow. The arrow hits Grinder.
Grinder is heavily wounded.
Grinder hits you but does no damage.
Fire: a) +0 shortbow
Press: ? - help, Q - select action, (/) - cycle Shift-Dir - straight line, f/p - Grinder
Aim: Grinder (heavily wounded, 66% to hit)
You shoot an arrow. The arrow hits Grinder!
Grinder is almost dead.
Grinder hits you.
* * * LOW HITPOINT WARNING * * *
You writhe in agony.
You die...

.## ..## ... ...# ... ## .### .#
... .## ..# ... #.# ..# ......
#.. #.## ..# .. .....# ... #..#
..# ... .....# #.#<##.###..#....
.....# #.#.....♣....#
....#####..###..5....#.####.#
......#.#..###..........#.#..#
.....<..##................## #.#
#...##.................## .
#...#..............#........ ..
......#..########### #....## #
...........###############....###
...........#...#.....#...#.....#.


You could see Grinder.

Vanquished Creatures
  Sigmund (D:2)
  An ogre (D:4)
  A phantom (D:4)
  A scorpion (D:4)
  Jessica (D:2)
  A sleepcap (D:4)
  An iguana (D:4)
  5 orc wizards
  3 gnolls (D:2)
  6 adders
  An ufetubus (D:4)
  3 worms (D:2)
  A dart slug (D:1)
  13 orcs
  8 ball pythons
  12 endoplasms
  3 giant cockroaches
  7 goblins
  6 hobgoblins
  4 jackals (D:1)
  4 quokkas
  2 bats
  4 frilled lizards
  8 kobolds
  5 rats
102 creatures vanquished.

Notes
Turn   | Place    | Note
-------+----------+-------------------------------------------
     0 | D:1      | Heoruswealwe the Demigod Hunter began the quest for the
                  | Orb.
     0 | D:1      | Reached XP level 1. HP: 17/17 MP: 3/3
   514 | D:1      | Reached XP level 2. HP: 15/24 MP: 4/4
   627 | D:1      | Reached skill level 4 in Ranged Weapons
   840 | D:1      | Reached XP level 3. HP: 30/30 MP: 5/5
   932 | D:2      | Noticed Sigmund
   967 | D:2      | Killed Sigmund
   968 | D:2      | Reached skill level 5 in Ranged Weapons
   968 | D:2      | Reached XP level 4. HP: 6/40 MP: 6/6
   968 | D:2      | Reached XP level 5. HP: 7/46 MP: 7/7
  1767 | D:2      | Noticed Jessica
  1769 | D:2      | Killed Jessica
  1940 | D:3      | Reached XP level 6. HP: 53/53 MP: 8/8
  3182 | D:4      | Reached skill level 5 in Fighting
  3182 | D:4      | Reached skill level 6 in Ranged Weapons
  3342 | D:3      | You fall into a shaft and drop 1 floor!
  3407 | D:4      | Reached XP level 7. HP: 61/61 MP: 9/9
  3609 | D:4      | Found a transporter.
  3613 | D:4      | Found Ytualob's Armour Shoppe.
  3615 | D:4      | Found a transporter.
  3648 | D:4      | Noticed Grinder
  3664 | D:4      | Paralysed by Grinder for 5 turns
  3675 | D:4      | HP: 3/91 [Grinder (3)]
  3675 | D:4      | Slain by Grinder

Illustrated notes

Levels and vault maps discovered:
D:1:      lemuel_arrival_cross, layout_loops_corners,
          shapermc_ecumenical_altar_hornbeckon
D:2:      layout_basic, kennysheep_jessica_study, uniq_sigmund, uniq_jessica
D:3:      layout_basic, nzn_wu_jian_contemplation
D:4:      layout_cave_pools, grunt_temple_overflow_diamond,
          nicolae_kikubaaqudgha_miasma_corner, serial_shops,
          nicolae_shop_drivethru, nrook_mini_vaults, uniq_grinder

Skill      XL: |  1  2  3  4  5  6 |
---------------+-------------------+-----
Fighting       | 2 4 5 |  5.6
Ranged Weapons | 4 5 6 |  6.5
Dodging        | |  1.7
Stealth        | |  0.8

Action                     |  1- 3 |  4- 6 |  7- 9 || total
---------------------------+-------+-------+-------++-------
  Melee: Shortbow          |       |     1 |       ||     1
   Fire: Shortbow          |    98 |   202 |    44 ||   344
    Use: Potion            |     4 |     2 |     1 ||     7
         Scroll            |       |     9 |     1 ||    10
 Armour: Leather armour    |    15 |    50 |     4 ||    69
         Skin              |       |     5 |     2 ||     7
  Dodge: Dodged            |    29 |    52 |     6 ||    87
